AoeStats
← BomberC4

MegaRandom

505425587Analyzed
1v1 RM · 24d ago on Sep 9, 2026· 58m 24s· 2 players
Game mode
Random Map
Map size
Tiny (2 player)
Population
200
Speed
Normal
Resources
Standard
Victory
Conquest
Starting age
Dark Age
Ending age
Imperial Age
RankedLock teamsTeams togetherTeam positionsShared explorationLock speedFull tech treeHidden civsTurbo modeCheats
Victory
Defeat
🇹🇷 Vikings · Türkiye
1512
+17
🇺🇸 Ethiopians · United States
1544
-17
BomberC4
12:52 Feudal Age
13:54 Double-Bit Axe
14:28 Fletching
18:14 Castle Age
17:23 Fishing Lines
19:05 Medium Warships
19:10 Bodkin Arrow
20:04 Town Watch
20:05 Loom
20:08 Horse Collar
20:40 Bow Saw
20:51 Gillnets
23:43 Heavy Plow
25:42 Scale Mail Armor
27:22 Careening
27:22 Clinker Construction
29:14 Ballistics
31:46 Imperial Age
31:06 Chain Mail Armor
31:31 Ballistics
30:48 Pikeman
31:29 Squires
31:23 Arson
31:57 Elite Longship
33:47 Chemistry
33:12 Bracer
33:31 Siege Engineers
33:25 Capped Ram
33:30 Elite Skirmisher
35:23 Elite Cannon Galleon
36:24 Padded Archer Armor
36:55 Plate Mail Armor
36:36 Forging
35:49 Man-at-Arms
36:15 Gambesons
37:39 Town Patrol
38:55 Hoardings
38:34 Bogsveigar
40:00 Conscription
40:43 Leather Archer Armor
39:51 Long Swordsman
40:46 Masonry
41:09 Dry Dock
40:34 Treadmill Crane
41:15 Carvel Hull
41:06 Masonry
40:42 Two-Handed Swordsman
42:00 Champion
43:15 Chieftains
44:31 Architecture
43:36 Siege Ram
45:36 Iron Casting
45:31 Ring Archer Armor
47:01 Onager
53:50 Blast Furnace
54:21 Scale Barding Armor
a.salyers231
7:42 Loom
10:10 Feudal Age
10:49 Double-Bit Axe
16:42 Castle Age
14:32 Horse Collar
16:03 Fletching
17:03 Padded Archer Armor
16:53 Crossbowman
20:15 Bodkin Arrow
21:43 Bow Saw
23:02 Wheelbarrow
25:02 Heavy Plow
29:11 Gold Mining
32:25 Imperial Age
31:21 Thumb Ring
32:05 Leather Archer Armor
32:22 Ballistics
33:21 Bracer
34:23 Chemistry
32:46 Arbalester
33:36 Stone Mining
35:00 Elite Skirmisher
35:59 Guilds
36:31 Stone Shaft Mining
36:52 Hand Cart
37:25 Ring Archer Armor
40:43 Two-Man Saw
45:43 Siege Engineers
46:34 Conscription
48:15 Town Watch
Connection lost

Rejoining the realm…

Still unreachable

The connection could not be restored.

Session expired

The server has moved on; the page needs a fresh start.